FL
GATEWAY GRIZZLIES @ WINDY CITY THUNDERBOLTS
08/06/2072
 
TOP OF THE 1ST
Southern Illinois Miners batting - Pitching for Joliet Slammers : RHP Taylor Goshen
Pitching: RHP Taylor Goshen
Batting: LHB Gus Mazas 0-0: Called Strike
0-1: Ball
1-1: Ball
2-1: Ball
3-1: Foul Ball, location: 2F
3-2: Base on Balls
Batting: LHB John Lopez 0-0: Called Strike
0-1: Ball
1-1: Swinging Strike
1-2: Fly out, F4 (Popup, 4M, EV 66.9 MPH)
Batting: LHB Gustavo Velazquez 0-0: Ball
1-0: Swinging Strike
1-1: Foul Ball, location: 2F
1-2: Foul Ball, location: 2F
1-2: Ball
2-2: Strikes out swinging
Batting: LHB Bryan Miranda 0-0: Called Strike
0-1: Foul Ball, location: 2F
0-2: Ground out 6-3 (Groundball, 6S, EV 83.1 MPH)
Top of the 1st over - 0 runs, 0 hits, 0 errors, 1 left on base; Southern Illinois 0 - Joliet 0
BOTTOM OF THE 1ST
Joliet Slammers batting - Pitching for Southern Illinois Miners : RHP Padres Freund
Pitching: RHP Padres Freund
Batting: RHB Jordan Bragg 0-0: Ball
1-0: Ball
2-0: Ball
3-0: Base on Balls
Batting: RHB Arturo Mejia 0-0: Ball
1-0: Fly out, F8 (Line Drive, 8LD, EV 99.4 MPH)
Batting: LHB Bruce Mejia 0-0: Ball
Jordan Bragg steals 2nd base
1-0: Ball
2-0: Ball
3-0: Called Strike
3-1: Swinging Strike
3-2: Foul Ball, location: 2F
3-2: Foul Ball, location: 2F
3-2: Ground out 5-3 (Groundball, 56, EV 105.6 MPH)
Batting: LHB Steve Gage 0-0: Ball
1-0: Foul Ball, location: 2F
1-1: Called Strike
1-2: Ball
2-2: Strikes out swinging
Bottom of the 1st over - 0 runs, 0 hits, 0 errors, 1 left on base; Southern Illinois 0 - Joliet 0
TOP OF THE 2ND
Southern Illinois Miners batting - Pitching for Joliet Slammers : RHP Taylor Goshen
Batting: RHB Brian Flint 0-0: Ball
1-0: Ball
2-0: Called Strike
2-1: Foul Ball, location: 2F
2-2: Ball
3-2: Base on Balls
Batting: RHB Dylan Obeng 0-0: Ball
1-0: Ball
2-0: Ball
3-0: Called Strike
3-1: Base on Balls
Brian Flint to second
Batting: LHB Ivan Rubio 0-0: Ball
1-0: Fielders Choice at 2nd, 5-4 (Groundball, 56, EV 85.0 MPH)
Brian Flint to third
Batting: RHB Willie Reyna 0-0: Ball
1-0: Ball
2-0: Ball
3-0: Base on Balls
Ivan Rubio to second
Batting: RHB Eric Adams 0-0: Foul Ball, location: 2F
0-1: Ball
1-1: Ball
2-1: Ground out 5-3 (Groundball, 5S, EV 71.9 MPH)
Brian Flint scores
Ivan Rubio to third
Willie Reyna to second
Batting: LHB Gus Mazas 0-0: Ball
1-0: Ball
2-0: Called Strike
2-1: Ball
3-1: Called Strike
3-2: Ground out U3 (Groundball, 3, EV 99.4 MPH)
Top of the 2nd over - 1 run, 0 hits, 0 errors, 2 left on base; Southern Illinois 1 - Joliet 0
BOTTOM OF THE 2ND
Joliet Slammers batting - Pitching for Southern Illinois Miners : RHP Padres Freund
Batting: LHB Matt Gillespie 0-0: Ball
1-0: Swinging Strike
1-1: Called Strike
1-2: Ground out 6-3 (Groundball, 4MD, EV 86.9 MPH)
Batting: RHB Mitch Crutcher 0-0: Fly out, F2 (Popup, 23F, EV 85.6 MPH)
Batting: RHB Aaron Harrison 0-0: Ball
1-0: Ball
2-0: Ball
3-0: Base on Balls
Batting: RHB Alvaro Villanueva 0-0: Ball
Aaron Harrison steals 2nd base
1-0: Foul Ball, location: 2F
1-1: Ball
2-1: Ball
3-1: Swinging Strike
3-2: Base on Balls
Batting: SHB Rey Arce 0-0: Ball
1-0: DOUBLE (Line Drive, 7LD, EV 110.0 MPH)
Aaron Harrison scores
Alvaro Villanueva to third
Batting: RHB Jordan Bragg 0-0: Ball
1-0: Ball
2-0: Ball
3-0: Called Strike
3-1: Swinging Strike
3-2: Base on Balls
Batting: RHB Arturo Mejia 0-0: Ball
1-0: Called Strike
1-1: Foul Ball, location: 2F
1-2: Ball
2-2: Fly out, F9 (Flyball, 9LD, EV 103.8 MPH)
Bottom of the 2nd over - 1 run, 1 hit, 0 errors, 3 left on base; Southern Illinois 1 - Joliet 1
TOP OF THE 3RD
Southern Illinois Miners batting - Pitching for Joliet Slammers : RHP Taylor Goshen
Batting: LHB John Lopez 0-0: Called Strike
0-1: Called Strike
0-2: Ball
1-2: Strikes out looking
Batting: LHB Gustavo Velazquez 0-0: SOLO HOME RUN (Line Drive, 7D, EV 110.6 MPH), Distance : 388 ft
Batting: LHB Bryan Miranda 0-0: Called Strike
0-1: Ball
1-1: Called Strike
1-2: Ball
2-2: Strikes out swinging
Batting: RHB Brian Flint 0-0: Fly out, F2 (Popup, 25F, EV 85.6 MPH)
Top of the 3rd over - 1 run, 1 hit, 0 errors, 0 left on base; Southern Illinois 2 - Joliet 1
BOTTOM OF THE 3RD
Joliet Slammers batting - Pitching for Southern Illinois Miners : RHP Padres Freund
Batting: LHB Bruce Mejia 0-0: Called Strike
0-1: Swinging Strike
0-2: Foul Ball, location: 2F
0-2: Foul Ball, location: 2F
0-2: Ball
1-2: Ball
2-2: Ball
3-2: SOLO HOME RUN (Flyball, 89XD, EV 90.6 MPH), Distance : 430 ft
Batting: LHB Steve Gage 0-0: Called Strike
0-1: Swinging Strike
0-2: Fly out, F5 (Flyball, 56D, EV 88.1 MPH)
Batting: LHB Matt Gillespie 0-0: SINGLE (Line Drive, 3D, EV 96.9 MPH)
Batting: RHB Mitch Crutcher 0-0: Called Strike
0-1: Ball
1-1: Fly out, F7 (Flyball, 78S, EV 91.2 MPH)
Batting: RHB Aaron Harrison 0-0: Hit by Pitch
Matt Gillespie to second
Batting: RHB Alvaro Villanueva 0-0: Ball
1-0: Foul Ball, location: 2F
1-1: SINGLE (Groundball, 6MD, EV 100.0 MPH)
Matt Gillespie to third
Aaron Harrison to second
Runner from 3rd tries for Home, SAFE, throw by CF to home
Batting: SHB Rey Arce 0-0: Fly out, F8 (Flyball, 8LM, EV 83.8 MPH)
Bottom of the 3rd over - 2 runs, 3 hits, 0 errors, 2 left on base; Southern Illinois 2 - Joliet 3
TOP OF THE 4TH
Southern Illinois Miners batting - Pitching for Joliet Slammers : RHP Taylor Goshen
Batting: RHB Dylan Obeng 0-0: Called Strike
0-1: Called Strike
0-2: Strikes out looking
Batting: LHB Ivan Rubio 0-0: Swinging Strike
0-1: SINGLE (Groundball, 6S, EV 70.0 MPH) (infield hit)
Batting: RHB Willie Reyna 0-0: Ball
1-0: Ball
Ivan Rubio steals 2nd base
2-0: Called Strike
2-1: Foul Ball, location: 2F
2-2: Foul Ball, location: 2F
2-2: Foul Ball, location: 2F
2-2: Foul Ball, location: 2F
2-2: Ball
3-2: Foul Ball, location: 2F
3-2: Foul Ball, location: 2F
3-2: SINGLE (Line Drive, 78S, EV 95.0 MPH)
Ivan Rubio to third
Runner from 3rd tries for Home, SAFE, throw by LF to home
Batting: RHB Eric Adams 0-0: Called Strike
0-1: Foul Ball, location: 2F
0-2: Fly out, F9 (Flyball, 9, EV 78.1 MPH)
Batting: LHB Gus Mazas 0-0: Called Strike
0-1: Fly out, F8 (Flyball, 8RXD, EV 95.6 MPH)
Top of the 4th over - 1 run, 2 hits, 0 errors, 1 left on base; Southern Illinois 3 - Joliet 3
BOTTOM OF THE 4TH
Joliet Slammers batting - Pitching for Southern Illinois Miners : RHP Padres Freund
Batting: RHB Jordan Bragg 0-0: Foul Ball, location: 2F
0-1: Called Strike
0-2: Ground out 4-3 (Groundball, 4, EV 90.6 MPH)
Batting: RHB Arturo Mejia 0-0: Called Strike
0-1: Ball
1-1: Ball
2-1: Ball
3-1: Called Strike
3-2: Foul Ball, location: 2F
3-2: Foul Ball, location: 2F
3-2: DOUBLE (Flyball, 8LXD, EV 93.1 MPH)
Batting: LHB Bruce Mejia 0-0: Ball
1-0: Foul Ball, location: 2F
1-1: Foul Ball, location: 2F
1-2: Fly out, F5 (Popup, 5S, EV 86.2 MPH)
Batting: LHB Steve Gage 0-0: 2-RUN HOME RUN (Flyball, 9D, EV 95.6 MPH), Distance : 386 ft
Batting: LHB Matt Gillespie 0-0: Ground out U3 (Groundball, 3, EV 83.8 MPH)
Bottom of the 4th over - 2 runs, 2 hits, 0 errors, 0 left on base; Southern Illinois 3 - Joliet 5
TOP OF THE 5TH
Southern Illinois Miners batting - Pitching for Joliet Slammers : RHP Taylor Goshen
Batting: LHB John Lopez 0-0: SOLO HOME RUN (Flyball, 9D, EV 100.0 MPH), Distance : 390 ft
Batting: LHB Gustavo Velazquez 0-0: Foul Ball, location: 2F
0-1: Called Strike
0-2: Strikes out swinging
Batting: LHB Bryan Miranda 0-0: Called Strike
0-1: DOUBLE (Flyball, 8RXD, EV 101.2 MPH)
Batting: RHB Brian Flint 0-0: Called Strike
0-1: Ball
1-1: Swinging Strike
1-2: Strikes out swinging
Batting: RHB Dylan Obeng 0-0: Ball
1-0: Foul Ball, location: 2F
1-1: Ground out 5-3 (Groundball, 5S, EV 71.2 MPH)
Top of the 5th over - 1 run, 2 hits, 0 errors, 1 left on base; Southern Illinois 4 - Joliet 5
BOTTOM OF THE 5TH
Joliet Slammers batting - Pitching for Southern Illinois Miners : RHP Padres Freund
Batting: RHB Mitch Crutcher 0-0: Ball
1-0: DOUBLE (Groundball, 5L, EV 109.4 MPH)
Batting: RHB Aaron Harrison 0-0: Called Strike
0-1: Swinging Strike
0-2: TRIPLE (Flyball, 89XD, EV 102.5 MPH)
Mitch Crutcher scores
Pitching: RHP Ondrej Sebek
Batting: RHB Alvaro Villanueva 0-0: Ball
1-0: Ball
2-0: Ball
3-0: Base on Balls
Batting: SHB Rey Arce 0-0: Called Strike
0-1: Ball
1-1: SINGLE (Line Drive, 9S, EV 106.9 MPH)
Aaron Harrison scores
Alvaro Villanueva to second
Batting: RHB Jordan Bragg 0-0: Ball
1-0: Sac Bunt to P - play at third, runner OUT! 1-5
Rey Arce to second
Batting: RHB Arturo Mejia 0-0: Called Strike
0-1: Foul Ball, location: 2F
0-2: Ball
1-2: SINGLE (Groundball, 6MD, EV 98.1 MPH)
Rey Arce to third
Jordan Bragg to second
Batting: LHB Bruce Mejia 0-0: Called Strike
0-1: Swinging Strike
0-2: Ball
1-2: Strikes out swinging
Batting: LHB Steve Gage 0-0: Swinging Strike
0-1: Swinging Strike
0-2: Strikes out swinging
Bottom of the 5th over - 2 runs, 4 hits, 0 errors, 3 left on base; Southern Illinois 4 - Joliet 7
TOP OF THE 6TH
Southern Illinois Miners batting - Pitching for Joliet Slammers : RHP Taylor Goshen
Batting: LHB Ivan Rubio 0-0: Ball
1-0: Swinging Strike
1-1: Called Strike
1-2: Ball
2-2: Ground out 6-3 (Groundball, 6, EV 88.1 MPH)
Batting: RHB Willie Reyna 0-0: Ball
1-0: Foul Ball, location: 2F
1-1: Foul Ball, location: 2F
1-2: Foul Ball, location: 2F
1-2: Strikes out swinging
Batting: RHB Eric Adams 0-0: TRIPLE (Flyball, 78XD, EV 94.4 MPH)
Pitching: RHP Scott Cassidy
Batting: LHB Gus Mazas 0-0: Fly out, F8 (Flyball, 8LXD, EV 93.8 MPH)
Top of the 6th over - 0 runs, 1 hit, 0 errors, 1 left on base; Southern Illinois 4 - Joliet 7
BOTTOM OF THE 6TH
Joliet Slammers batting - Pitching for Southern Illinois Miners : RHP Ondrej Sebek
Pitching: RHP R.J. Corrales
Batting: LHB Matt Gillespie 0-0: Ball
1-0: Ball
2-0: Called Strike
2-1: Called Strike
2-2: Fly out, F8 (Line Drive, 8RM, EV 102.5 MPH)
Batting: RHB Mitch Crutcher 0-0: Called Strike
0-1: Ball
1-1: Called Strike
1-2: Ball
2-2: Foul Ball, location: 2F
2-2: SINGLE (Line Drive, 5L, EV 95.0 MPH)
Batting: RHB Aaron Harrison 0-0: Called Strike
0-1: Ball
Mitch Crutcher steals 2nd base
1-1: Ball
2-1: Foul Ball, location: 2F
2-2: Ball
3-2: Base on Balls
Batting: RHB Alvaro Villanueva 0-0: Ball
1-0: Ball
2-0: Called Strike
2-1: Ball
3-1: Foul Ball, location: 2F
3-2: Base on Balls
Mitch Crutcher to third
Aaron Harrison to second
Pitching: RHP Justin Winney
Batting: SHB Rey Arce 0-0: Grounds into fielders choice 4-2 (Groundball, 34S, EV 82.5 MPH)
Aaron Harrison to third
Alvaro Villanueva to second
Batting: RHB Jordan Bragg 0-0: Ball
1-0: Called Strike
1-1: Ball
2-1: Ball
3-1: Ground out U3 (Groundball, 34, EV 107.5 MPH)
Bottom of the 6th over - 0 runs, 1 hit, 0 errors, 3 left on base; Southern Illinois 4 - Joliet 7
TOP OF THE 7TH
Southern Illinois Miners batting - Pitching for Joliet Slammers : RHP Scott Cassidy
Batting: LHB John Lopez 0-0: Ball
1-0: Called Strike
1-1: Swinging Strike
1-2: Fly out, F5 (Popup, 6S, EV 75.0 MPH)
Batting: LHB Gustavo Velazquez 0-0: Ball
1-0: Called Strike
1-1: Called Strike
1-2: Ball
2-2: Ball
3-2: Foul Ball, location: 2F
3-2: Foul Ball, location: 2F
3-2: SINGLE (Line Drive, 7LM, EV 109.4 MPH)
Batting: LHB Bryan Miranda 0-0: Ball
1-0: Ball
2-0: SINGLE (Line Drive, 89M, EV 97.5 MPH)
Gustavo Velazquez to second
Batting: RHB Brian Flint 0-0: Ball
1-0: Swinging Strike
1-1: Swinging Strike
1-2: Foul Ball, location: 2F
1-2: Ball
2-2: Ball
3-2: Strikes out swinging
Batting: RHB Dylan Obeng 0-0: Ball
1-0: Ball
2-0: SINGLE (Flyball, 9S, EV 72.5 MPH)
Gustavo Velazquez to third
Bryan Miranda to second
Runner from 3rd tries for Home, SAFE, throw by RF to home
Batting: LHB Ivan Rubio 0-0: Ball
1-0: Foul Ball, location: 2F
1-1: Foul Ball, location: 2F
1-2: Ball
2-2: Foul Ball, location: 2F
2-2: Strikes out swinging
Top of the 7th over - 1 run, 3 hits, 0 errors, 2 left on base; Southern Illinois 5 - Joliet 7
BOTTOM OF THE 7TH
Joliet Slammers batting - Pitching for Southern Illinois Miners : RHP Justin Winney
Batting: RHB Arturo Mejia 0-0: Called Strike
0-1: Ball
1-1: Ground out 5-3 (Groundball, 56, EV 106.2 MPH)
Batting: LHB Bruce Mejia 0-0: Ball
1-0: Ball
2-0: Ball
3-0: Called Strike
3-1: Base on Balls
Batting: LHB Steve Gage 0-0: Called Strike
Pickoff Throw to First - Out! 1-3
0-1: DOUBLE (Groundball, 3L, EV 106.9 MPH)
Batting: LHB Matt Gillespie 0-0: Foul Ball, location: 2F
0-1: Ball
1-1: Swinging Strike
1-2: Fly out, F3 (Popup, 3SF, EV 59.4 MPH)
Bottom of the 7th over - 0 runs, 1 hit, 0 errors, 1 left on base; Southern Illinois 5 - Joliet 7
TOP OF THE 8TH
Southern Illinois Miners batting - Pitching for Joliet Slammers : RHP Scott Cassidy
Batting: RHB Willie Reyna 0-0: Called Strike
0-1: Foul Ball, location: 2F
0-2: Ball
1-2: Strikes out swinging
Batting: RHB Eric Adams 0-0: Ground out 4-3 (Groundball, 4S, EV 65.6 MPH)
Batting: LHB Gus Mazas 0-0: Called Strike
0-1: Ball
1-1: Ground out 5-3 (Groundball, 56S, EV 73.1 MPH)
Top of the 8th over - 0 runs, 0 hits, 0 errors, 0 left on base; Southern Illinois 5 - Joliet 7
BOTTOM OF THE 8TH
Joliet Slammers batting - Pitching for Southern Illinois Miners : RHP Justin Winney
Pitching: RHP Brent Diamond
Batting: RHB Mitch Crutcher 0-0: Ball
1-0: Called Strike
1-1: Swinging Strike
1-2: Ball
2-2: Ball
3-2: Base on Balls
Batting: RHB Aaron Harrison 0-0: Sac Bunt to 2L - play at first, batter OUT! 2-3
Mitch Crutcher to second
Batting: RHB Alvaro Villanueva 0-0: Ball
1-0: Ground out 4-3 (Groundball, 34D, EV 88.8 MPH)
Mitch Crutcher to third
Batting: SHB Rey Arce 0-0: Ball
1-0: Foul Ball, location: 2F
1-1: Fly out, F8 (Flyball, 8RD, EV 88.8 MPH)
Bottom of the 8th over - 0 runs, 0 hits, 0 errors, 1 left on base; Southern Illinois 5 - Joliet 7
TOP OF THE 9TH
Southern Illinois Miners batting - Pitching for Joliet Slammers : RHP Scott Cassidy
Pitching: RHP Paul Geha
Batting: LHB John Lopez 0-0: Fly out, F4 (Popup, 23, EV 93.1 MPH)
Batting: LHB Gustavo Velazquez 0-0: Called Strike
0-1: Called Strike
0-2: Ball
1-2: Foul Ball, location: 2F
1-2: Ball
2-2: Ball
3-2: SINGLE (Line Drive, 4D, EV 94.4 MPH)
Batting: LHB Bryan Miranda 0-0: Swinging Strike
0-1: Fly out, F8 (Line Drive, 8RD, EV 98.1 MPH)
Pinch Hitting: RHB Dylan Peterson 0-0: Ball
1-0: Ball
2-0: Called Strike
2-1: Ground out 4-3 (Groundball, 4MS, EV 79.4 MPH)
Top of the 9th over - 0 runs, 1 hit, 0 errors, 1 left on base; Southern Illinois 5 - Joliet 7
Friday, October 29th , 2021 - OOTP Baseball 22.10 Build 79